 Dungeon Crawl Stone Soup version 0.23-a0-625-g1d2cd9b (console) character file.

58 Duffy the Firebug (level 3, 19/19 HPs)
             Began as a Deep Elf Fire Elementalist on Dec 24, 2018.
             Was a Follower of Fedhas.
             Quit the game on level 2 of the Dungeon.
             The game lasted 00:01:51 (1704 turns).

Duffy the Firebug (Deep Elf Fire Elementalist)      Turns: 1704, Time: 00:01:52

Health: 19/19      AC:  2    Str:  5    XL:     3   Next: 76%
Magic:  9/9        EV: 13    Int: 20    God:    Fedhas [*.....]
Gold:   74         SH:  0    Dex: 15    Spells: 7/8 levels left

rFire    . . .     SeeInvis .   d - potion of lignification {unknown}
rCold    . . .     Gourm    .   (no shield)
rNeg     . . .     Faith    .   a - +0 robe
rPois    .         Spirit   .   (no helmet)
rElec    .         Reflect  .   (no cloak)
rCorr    .         Harm     .   (no gloves)
MR       .....                  (no boots)
Stlth    ++........             (no amulet)
HPRegen  0.06/turn              (no ring)
MPRegen  0.11/turn              (no ring)

@: no status effects
A: no striking features
a: Fungal Bloom, Sunlight, Renounce Religion


You were on level 2 of the Dungeon.
You worshipped Fedhas.
Fedhas was aware of your devotion.
You were not hungry.

You visited 1 branch of the dungeon, and saw 2 of its levels.

You collected 74 gold pieces.

Inventory:

Armour
 a - a +0 robe (worn)
Scrolls
 f - a scroll of random uselessness {unknown}
Potions
 b - a potion of ambrosia {unknown}
 d - a potion of lignification (in hand) {unknown}
 e - a potion of resistance {unknown}
 h - a potion of haste {unknown}
Comestibles
 c - 3 rations
 g - 3 chunks of flesh


   Skills:
 - Level 2.4 Dodging
 - Level 2.4 Stealth
 + Level 3.2 Spellcasting
 * Level 3.6 Conjurations
 * Level 3.6 Fire Magic


You had 7 spell levels left.
You knew the following spells:

 Your Spells              Type           Power        Failure   Level  Hunger
h - Flame Tongue          Conj/Fire      ###..        3%          1    None

Your spell library contained the following spells:

 Spells                   Type           Power        Failure   Level  Hunger
 Throw Flame              Conj/Fire      ###...       4%          2    ##.....
 Conjure Flame            Conj/Fire      ###.....     10%         3    ###....
 Inner Flame              Hex/Fire       ##......     21%         3    ###....
 Sticky Flame             Conj/Fire      ###.....     30%         4    ####...
 Fireball                 Conj/Fire      ###.......   65%         5    ######.


Dungeon Overview and Level Annotations

Branches:
Dungeon (2/15)

Altars:
Fedhas
Uskayaw


Message History

You can now call sunshine.
Use which ability? (? or * to list)
You can't do that.
Use which ability? (? or * to list) Nothing appears to happen.
A bat comes into view.
The bat moves out of view.
Use which ability? (? or * to list) Nothing appears to happen.
Use which ability? (? or * to list) Nothing appears to happen.
Use which ability? (? or * to list) Nothing appears to happen.
Use which ability? (? or * to list)
You can't do that.
Use which ability? (? or * to list) Nothing appears to happen.
Use which ability? (? or * to list) Nothing appears to happen.
Are you sure you want to abandon this character and quit the game? (Confirm

##### #.####
######...# ##'##
#.......?# #...#
#...#....# #...#
#..#.#...# #...#
#.#._.#..# #...#
#..#.#.(.####...#
#...#..?.......##
#@.......#######
#.....#.####
#...#...#
.....r......
#.#..!###.##.. #
#.#...# #.# . #
#...# .# #####


You could see a rat (sleeping).

Vanquished Creatures
  An adder (D:2)
  2 oozes (D:1)
  A worm (D:2)
  2 leopard geckos (D:1)
  3 giant cockroaches
  4 goblins
  3 hobgoblins
  7 bats
  2 frilled lizards (D:1)
  6 kobolds
  5 rats
36 creatures vanquished.

Notes
Turn   | Place    | Note
-------+----------+-------------------------------------------
     0 | D:1      | Duffy the Deep Elf Fire Elementalist began the quest for
                  | the Orb.
     0 | D:1      | Reached XP level 1. HP: 10/10 MP: 6/6
   141 | D:1      | Reached XP level 2. HP: 15/15 MP: 6/8
  1023 | D:1      | Reached XP level 3. HP: 19/19 MP: 7/9
  1520 | D:2      | Found a hide-covered altar of Uskayaw.
  1658 | D:2      | Found a faded altar of an unknown god.
  1693 | D:2      | Became a worshipper of Fedhas Madash
  1693 | D:2      | Reached * piety under Fedhas
  1704 | D:2      | Quit the game

Vault maps used:
D:1:      shiori_arrival_elements
D:2:      first_ration, chequers_ecumenical_altar_simple_redux,
          lemuel_altar_in_water

Skill      XL: |  1  2 |
---------------+-------+-----
Conjurations   | 2 3 |  3.6
Dodging        | |  2.4
Stealth        | |  2.4
Spellcasting   | |  3.2
Fire Magic     | |  3.6

Action                   || total
-------------------------++-------
 Cast: Flame Tongue      ||    61
Invok: Fungal Bloom      ||     6
  Eat: Chunk             ||     2
Armor: Robe              ||     2
Dodge: Dodged            ||    14

Table legend:
 A = Non-vault XP
 B = Vault XP
 C = Vault XP percentage of total XP
 D = Non-vault monster count
 E = Vault monster count
 F = Vault count percentage of total count
                 A         B        C        D         E       F
            +---------+---------+-------+---------+---------+-------
      Total |      84 |       0 |   0.0 |      36 |       0 |   0.0
            +---------+---------+-------+---------+---------+-------
        D:1 |      47 |       0 |   0.0 |      21 |       0 |   0.0
        D:2 |      37 |       0 |   0.0 |      15 |       0 |   0.0
            +---------+---------+-------+---------+---------+-------
